 Dungeon Crawl Stone Soup version 0.31.0-1-g2c135a0 (webtiles) character file.

Game seed: 4826741818680779049

3856 jagoly the Fighter (level 10, 0/66 HPs)
             Began as a Gargoyle Monk on Jan 28, 2024.
             Was a Believer of the Shining One.
             Killed by divine providence
             ... invoked by an orc priest
              (13 damage)
             ... on level 8 of the Dungeon.
             The game lasted 00:25:00 (2969 turns).

jagoly the Fighter (Gargoyle Monk)                  Turns: 2969, Time: 00:25:00

Health: 0/66       AC: 26    Str: 19    XL:     10   Next: 18%
Magic:  10/10      EV:  7    Int: 11    God:    the Shining One [**....]
Gold:   358        SH:  0    Dex: 12    Spells: 9/9 levels left

rFire   + . .        b - +2 dagger (venom)
rCold   . . .        d - orb {light}
rNeg    + + .        f - +0 plate armour
rPois   ∞            (no helmet)
rElec   +            (no cloak)
rCorr   .            z - +0 pair of gloves
SInv    .            (no boots)
Will    .....        (no amulet) Stlth
                     s - ring of protection from fire
HPRegen 0.31/turn    u - +4 ring of protection
MPRegen 0.12/turn

%: no passive effects
@: glowing
A: sickness immunity, AC +7, negative energy resistance 1, electricity
resistance, torment resistance 1, petrification resistance
a: Renounce Religion, Divine Shield


You were on level 8 of the Dungeon.
You worshipped the Shining One.
The Shining One was pleased with you.
You visited 1 branch of the dungeon, and saw 9 of its levels.
You also visited: Sewer.

You collected 358 gold pieces.

Inventory:

Hand Weapons
 a - a +0 war axe
 b - a +2 dagger of venom (weapon)
 x - a +0 sling
 G - a +0 trident
Missiles
 g - 44 stones (quivered)
 l - 4 curare-tipped darts
 m - 25 poisoned darts
 B - 8 boomerangs
Armour
 d - an orb of light (worn)
 f - a +0 plate armour (worn)
 j - a +0 pair of gloves
 n - a +0 robe
 z - a +0 pair of gloves (worn)
 E - a +0 buckler
Jewellery
 r - a ring of ice
 s - a ring of protection from fire (left hand)
 u - a +4 ring of protection (right hand)
Wands
 o - a wand of flame (12)
 v - a wand of paralysis (16)
Scrolls
 e - 4 scrolls of enchant armour {unknown}
 i - 4 scrolls of teleportation {unknown}
 q - a scroll of butterflies {unknown}
 t - a scroll of blinking
 y - 2 scrolls of identify {unknown}
 A - a scroll of amnesia {unknown}
Potions
 c - 3 potions of ambrosia
 h - a potion of lignification {unknown}
 k - 2 potions of magic {unknown}
 p - 2 potions of mutation {unknown}
 w - 2 potions of curing {unknown}
 C - a potion of cancellation {unknown}
 D - a potion of invisibility {unknown}
 F - 2 potions of might {unknown}


   Skills:
 + Level 9.3 Fighting
 * Level 8.5 Axes
 - Level 2.0 Throwing
 - Level 8.0 Armour
 - Level 2.4 Dodging
 - Level 0.3 Stealth
 - Level 2.0 Evocations


You had 9 spell levels left.
You didn't know any spells.
Your spell library contained the following spells:

 Spells                   Type           Power      Damage    Failure   Level
 Foxfire                  Conj/Fire      0%         2x1d4     100%        1
 Plasma Beam              Fire/Air       0%         2x1d10    100%        6
 Starburst                Conj/Fire      0%         6d3       100%        6


Dungeon Overview and Level Annotations

Branches:
Dungeon (9/15) Zot: 26938   Sewer (visited)
 Temple: D:4-7         Lair: D:8-11         Orc: D:9-12

Altars:
Fedhas
Okawaru
Ru
Uskayaw
Vehumet
The Shining One

Shops:
D:8 [


Innate Abilities, Weirdness & Mutations

You are immune to sickness and miasma.
Your stone body is resilient. (AC +7)
You are immune to poison.
You resist negative energy. (rN+)
You are resistant to electric shocks. (rElec)
You are resistant to unholy torment.
You are immune to petrification.


Message History

m - 21 poisoned darts (gained 4)
Found 17 gold pieces.
You now have 335 gold pieces (gained 17).
Found a dagger.
The yak bellows! x2
There are monsters nearby!
You hit the yak.
The yak is poisoned.
The yak is lightly wounded.
The yak gores you.
You hit the yak.
The yak is lightly wounded.
A howler monkey comes into view.
The yak gores you but does no damage.
The howler monkey howls!
You hit the yak.
The yak is moderately wounded.
The yak gores you but does no damage.
You hit the yak but do no damage.
The yak looks as sick as possible!
The yak is moderately wounded.
A howler monkey comes into view.
The yak closely misses you.
The howler monkey howls!
You hit the yak.
The yak looks as sick as possible!
The yak is moderately wounded.
You hear a bark!
The howler monkey hoots and howls with incredible vigour!
The yak gores you but does no damage.
Your +2 dagger of venom stops dripping with poison.
a - a +0 war axe (weapon)
You slash the yak!
The yak is severely wounded.
The yak gores you but does no damage.
You slash the yak!
You kill the yak!
Your +2 dagger of venom begins to drip with poison!
b - a +2 dagger of venom (weapon)
The howler monkey hoots and howls with incredible vigour!
The yak gores you but does no damage.
You hit the yak but do no damage.
The yak is poisoned.
The howler monkey hoots and howls with incredible vigour!
The yak gores you but does no damage.
You hear a bark!
You hit the yak.
The yak looks as sick as possible!
The yak is lightly wounded.
The yak gores you but does no damage.
You hit the yak but do no damage.
The yak looks as sick as possible!
The yak is moderately wounded.
A hound comes into view.
The howler monkey hoots and howls with incredible vigour!
The yak gores you but does no damage.
Your +2 dagger of venom stops dripping with poison.
a - a +0 war axe (weapon)
You slash the yak!
The yak is severely wounded.
The yak gores you but does no damage.
You slash the yak!
You kill the yak!
Your Fighting skill increases to level 9!
You have reached level 10!
Your +2 dagger of venom begins to drip with poison!
b - a +2 dagger of venom (weapon)
The howler monkey hits you but does no damage.
You hit the howler monkey.
The howler monkey is poisoned.
The howler monkey is lightly wounded.
The howler monkey hits you but does no damage.
You hit the howler monkey.
The howler monkey looks as sick as possible!
The howler monkey is lightly wounded.
The howler monkey hoots and howls with incredible vigour!
The hound bites you but does no damage.
You hit the howler monkey.
The howler monkey looks as sick as possible!
The howler monkey is heavily wounded.
The howler monkey hits you but does no damage.
The hound barely misses you.
You hit the howler monkey.
The howler monkey is severely wounded.
You kill the howler monkey!
The hound bites you but does no damage. x2
Your Axes skill increases to level 8!
You hit the hound.
The hound is poisoned.
The hound is heavily wounded.
The howler monkey hits you but does no damage.
The hound bites you but does no damage.
The howler monkey hits you but does no damage.
You hit the hound.
The hound looks as sick as possible!
The hound is severely wounded.
The hound barely misses you. The howler monkey barely misses you.
The hound bites you but does no damage.
You hit the hound but do no damage.
The hound looks as sick as possible!
The hound is almost dead.
You kill the hound!
The howler monkey hits you but does no damage.
You hit the howler monkey but do no damage.
The howler monkey is poisoned.
The howler monkey hits you but does no damage.
You hit the howler monkey.
The howler monkey looks as sick as possible!
The howler monkey is lightly wounded.
The howler monkey barely misses you.
You barely miss the howler monkey.
The howler monkey is moderately wounded.
The howler monkey hoots and howls with incredible vigour!
The howler monkey hits you.
You hit the howler monkey.
The howler monkey looks as sick as possible!
The howler monkey is heavily wounded.
The howler monkey hits you but does no damage.
You hit the howler monkey.
The howler monkey is almost dead.
The howler monkey closely misses you.
You hit the howler monkey.
You kill the howler monkey!
No target in view!
No target in view!
A jelly comes into view.
There is a stone staircase leading up, spattered with blood here.
Things that are here:
a howler monkey corpse; a yak corpse Your +2 dagger of venom stops dripping with poison.
a - a +0 war axe (weapon)
Throw: 49 stones
Press: ? - help, Q - select action, (/) - cycle Shift-Dir - straight line, f - jelly
Aim: a jelly (90% to hit)
You throw a stone.
The stone hits the jelly but does no damage.
Throw: 48 stones
Press: ? - help, Q - select action, (/) - cycle Shift-Dir - straight line, f/p - jelly
Aim: a jelly (90% to hit)
You throw a stone. The stone hits the jelly.
The jelly is lightly wounded.
Throw: 47 stones
Press: ? - help, Q - select action, (/) - cycle Shift-Dir - straight line, f/p - jelly
Aim: a jelly (lightly wounded, 90% to hit)
You throw a stone. The stone hits the jelly.
The jelly is moderately wounded.
Throw: 46 stones
Press: ? - help, Q - select action, (/) - cycle Shift-Dir - straight line, f/p - jelly
Aim: a jelly (moderately wounded, haloed, 97% to hit)
You throw a stone. The stone hits the jelly.
The jelly is moderately wounded.
Throw: 45 stones
Press: ? - help, Q - select action, (/) - cycle Shift-Dir - straight line, f/p - jelly
Aim: a jelly (moderately wounded, haloed, 97% to hit)
You throw a stone.
The stone hits the jelly but does no damage.
The jelly is moderately wounded.
You hit the jelly.
Your hands burn!
The jelly is severely wounded.
The jelly hits you but does no damage.
You slash the jelly!
You kill the jelly!
No target in view!
Your +2 dagger of venom begins to drip with poison!
b - a +2 dagger of venom (weapon)
Found a trident.
Found a trident.
Unknown command.
Found a stone staircase leading up.
You see here a +0 trident.
G - a +0 trident
Found a war axe.
Found a stone staircase leading down.
There is a stone staircase leading up here.
You climb upwards.
There is a stone staircase leading down here.
You climb downwards.
There is a stone staircase leading up here.
There is a stone staircase leading down here.
You climb downwards.
Found 12 gold pieces.
Found Iheq's Antique Armour Boutique.
Found a stone staircase leading up.
There is a stone staircase leading up here.
You now have 347 gold pieces (gained 12).
There is an entrance to Iheq's Antique Armour Boutique here.
You can access your shopping list by pressing '$'.
An orc warrior and an orc come into view.
Found a stone staircase leading up.
The orc warrior shouts!
An orc comes into view. It is wielding a +0 dagger.
The orc warrior unwields a +0 dire flail.
The orc warrior wields a +0 orcbow.
The orc warrior shoots an arrow.
The arrow hits you but does no damage.
The orc shouts!
You hear a shout!
An orc comes into view. It is wielding a +0 short sword.
The orc shouts!
There is a stone staircase leading up here.
The orc throws a boomerang.
The boomerang hits you but does no damage.
You hit the orc but do no damage. The orc hits you but does no damage.
You hit the orc.
The orc is poisoned.
The orc is heavily wounded.
The orc completely misses you.
You hit the orc but do no damage.
The orc looks as sick as possible!
The orc is severely wounded.
You kill the orc!
You barely miss the orc.
The orc warrior shoots an arrow.
The arrow hits you but does no damage.
You hit the orc but do no damage.
The orc is poisoned.
The orc warrior shoots an arrow.
The arrow hits you. The orc barely misses you. The orc closely misses you.
You hit the orc.
The orc is moderately wounded.
The orc completely misses you. The orc closely misses you.
You barely miss the orc.
The orc is heavily wounded.
The orc warrior shoots an arrow.
The arrow hits you but does no damage. The orc hits you but does no damage. x2
You hit the orc.
The orc looks as sick as possible!
The orc is heavily wounded.
You kill the orc!
The orc warrior shoots an arrow.
The arrow hits you. The orc hits you but does no damage.
You hit the orc.
The orc is heavily wounded.
The orc hits you but does no damage.
You hit the orc warrior.
The orc warrior is poisoned.
The orc warrior is lightly wounded.
The orc warrior unwields a +0 orcbow.
The orc warrior wields a +0 dire flail.
The orc warrior hits you with a +0 dire flail!
The orc closely misses you.
You completely miss the orc warrior.
The orc warrior is lightly wounded.
The orc warrior hits you but does no damage.
The orc hits you but does no damage.
You hit the orc warrior but do no damage.
The orc warrior looks as sick as possible!
The orc warrior is lightly wounded.
The orc warrior hits you with a +0 dire flail!
The orc closely misses you.
Your +2 dagger of venom stops dripping with poison.
a - a +0 war axe (weapon)
The orc warrior barely misses you.
You hit the orc warrior.
The orc warrior is moderately wounded.
You hit the orc but do no damage. The orc hits you but does no damage.
The orc warrior barely misses you.
You hit the orc warrior.
The orc warrior is moderately wounded.
You hit the orc. The orc hits you but does no damage.
The orc warrior barely misses you.
You barely miss the orc warrior.
The orc warrior is heavily wounded.
You slash the orc!
You kill the orc!
The orc warrior barely misses you.
You hit the orc warrior.
The orc warrior is severely wounded.
The orc warrior hits you with a +0 dire flail.
You hit the orc warrior but do no damage.
The orc warrior is severely wounded.
The orc warrior hits you but does no damage.
You hit the orc warrior but do no damage.
The orc warrior is severely wounded.
The orc warrior hits you but does no damage.
You hit the orc warrior.
The orc warrior is almost dead.
The orc warrior hits you but does no damage.
You hit the orc warrior.
You kill the orc warrior!
Press: ? - help, v - describe, . - travel, g - get item
Items here: ( ))) [[.
The floor.
This square is lit by a halo.
Found a chain mail.
B - 8 boomerangs (gained 2)
Items here: ))) [[.
Your +2 dagger of venom begins to drip with poison!
b - a +2 dagger of venom (weapon)
There is a stone staircase leading up here.
You climb upwards.
There is a stone staircase leading down here.
You climb downwards.
There is a stone staircase leading up here.
Things that are here:
a +0 leather armour; a +0 whip
There is a stone staircase leading up here.
You climb upwards.
Found a murky white potion.
There is a stone staircase leading down here.
F - 2 murky white potions (gained 1)
There is a stone staircase leading down here.
You climb downwards.
There is a stone staircase leading up here.
Found a hand axe.
You see here a +0 hand axe.
You open the door.
A black bear comes into view.
The black bear growls angrily.
There is an open door here.
You hit the black bear.
The black bear is poisoned.
The black bear is lightly wounded.
The black bear bites you but does no damage.
The black bear claws you but does no damage. x2
You hit the black bear.
The black bear looks as sick as possible!
The black bear is moderately wounded.
The black bear completely misses you.
The black bear claws you but does no damage.
The black bear barely misses you.
Your +2 dagger of venom stops dripping with poison.
a - a +0 war axe (weapon)
The black bear bites you but does no damage.
The black bear claws you but does no damage. x2
You slash the black bear!
The black bear is almost dead.
The black bear bites you but does no damage.
The black bear claws you but does no damage. x2
You hit the black bear but do no damage.
The black bear is almost dead.
You kill the black bear!
No target in view!
Your +2 dagger of venom begins to drip with poison!
b - a +2 dagger of venom (weapon)
HP restored.
You open the door.
There is an open door here.
Found 4 poisoned darts.
m - 25 poisoned darts (gained 4)
Found an escape hatch in the floor.
Found a club.
A sleepcap comes into view.
Found 11 gold pieces.
Found a stone staircase leading down.
Found a wand of paralysis (7).
There is an escape hatch in the floor here.
You hit the sleepcap.
The sleepcap is lightly damaged.
The sleepcap releases spores at you but does no damage.
Your +2 dagger of venom stops dripping with poison.
a - a +0 war axe (weapon)
You hit the sleepcap.
The sleepcap is lightly damaged.
The sleepcap barely misses you.
You hit the sleepcap.
The sleepcap is moderately damaged.
The sleepcap releases spores at you but does no damage.
You slash the sleepcap!
The sleepcap is heavily damaged.
The sleepcap releases spores at you but does no damage.
You hit the sleepcap.
The sleepcap is heavily damaged.
The sleepcap releases spores at you.
You slice the sleepcap!!
You destroy the sleepcap!
No target in view!
Your +2 dagger of venom begins to drip with poison!
b - a +2 dagger of venom (weapon)
v - a wand of paralysis (16) (gained 7 charges)
There is an escape hatch in the floor here.
You now have 358 gold pieces (gained 11).
There is a stone staircase leading down here.
You climb downwards.
There is a stone staircase leading up here.
The wyvern bites you but does no damage.
You hit the wyvern but do no damage.
The wyvern is poisoned.
The wyvern bites you but does no damage.
You hit the wyvern but do no damage.
The wyvern looks as sick as possible!
The wyvern bites you but does no damage. x2
Your +2 dagger of venom stops dripping with poison.
a - a +0 war axe (weapon)
You hit the wyvern.
The wyvern is heavily wounded.
The wyvern bites you but does no damage.
The wyvern barely misses you.
You slash the wyvern!
You kill the wyvern!
Your +2 dagger of venom begins to drip with poison!
b - a +2 dagger of venom (weapon)
There is a stone staircase leading up here.
You climb upwards.
There is a stone staircase leading down here.
An orc comes into view. It is wielding a +0 hand axe.
The orc shouts!
An orc comes into view. It is wielding a +0 dagger.
Found a bullfrog corpse.
Found a killer bee corpse.
The orc hits you but does no damage.
You hit the orc.
The orc is poisoned.
The orc is moderately wounded.
The orc hits you but does no damage.
An orc comes into view. It is wielding a +0 flail.
The orc shouts!
The orc hits you but does no damage.
You hit the orc.
The orc is poisoned.
The orc is moderately wounded.
The orc barely misses you. The orc hits you but does no damage.
An orc comes into view. It is wielding a +0 club.
You barely miss the orc.
The orc is moderately wounded.
The orc closely misses you. The orc hits you but does no damage.
An orc comes into view. It is wielding a +0 short sword.
The orc shouts!
You hit the orc.
The orc looks even sicker.
The orc is almost dead.
The orc barely misses you. The orc hits you but does no damage.
You hit the orc.
You kill the orc! x2
The orc hits you but does no damage.
You hit the orc.
The orc is poisoned.
The orc is almost dead.
The orc hits you but does no damage.
You hit the orc.
You kill the orc!
The orc barely misses you. x2
You see here a +0 flail.
You hit the orc.
The orc is poisoned.
The orc is moderately wounded.
The orc hits you but does no damage. x2
You hit the orc.
The orc is lightly wounded.
The orc hits you but does no damage. The orc barely misses you.
You hit the orc but do no damage.
The orc is poisoned.
The orc is lightly wounded.
The orc barely misses you. x2
You hit the orc.
The orc looks as sick as possible!
The orc is moderately wounded.
The orc closely misses you. The orc barely misses you.
You hit the orc.
The orc looks as sick as possible!
The orc is almost dead.
You kill the orc!
The orc hits you but does no damage.
You hit the orc.
You kill the orc!
Found a bullfrog corpse.
Found an orc corpse.
Found a hide-covered altar of Uskayaw.
Found a centaur corpse.
Found a centaur corpse and a howler monkey corpse.
An orc wizard and an orc come into view.
The orc wizard shouts!
The orc shouts!
An orc comes into view. It is wielding a +0 dagger.
The orc shouts!
The orc wizard points at you and mumbles some strange words.
The magic dart hits you but does no damage.
Found a stone staircase leading down.
An orc warrior comes into view. It is wielding a +0 halberd.
The orc wizard gestures at you while chanting.
The magic dart hits you but does no damage.
You hit the orc.
The orc is poisoned.
The orc is severely wounded.
The orc hits you but does no damage. x2
You hit the orc wizard.
The orc wizard is poisoned.
The orc wizard is lightly wounded.
You kill the orc!
The orc warrior closely misses you. The orc wizard barely misses you.
The orc completely misses you.
You hit the orc wizard.
The orc wizard looks as sick as possible!
The orc wizard is moderately wounded.
The orc warrior hits you from afar with a +0 halberd.
The orc wizard points at you and mumbles some strange words.
The puff of flame misses you. The orc hits you but does no damage.
You hit the orc.
The orc is moderately wounded.
The orc warrior hits you from afar with a +0 halberd.
The orc hits you but does no damage.
Found a lumpy copper amulet.
The orc wizard hits you but does no damage.
The orc warrior barely misses you. The orc closely misses you.
An orc priest comes into view. It is wielding a +0 flail.
You barely miss the orc.
The orc is moderately wounded.
The orc priest shouts!
You kill the orc wizard!
The orc warrior barely misses you. The orc closely misses you.
The orc priest invokes the aid of Beogh against you.
Beogh smites you!
You hit the orc.
The orc is heavily wounded.
The orc warrior hits you but does no damage.
The orc hits you with a +0 dagger.
You hit the orc.
The orc is poisoned.
The orc is almost dead.
You kill the orc!
The orc warrior hits you with a +0 halberd!
You hit the orc warrior but do no damage.
The orc warrior is poisoned.
The orc warrior hits you with a +0 halberd.
* * * LOW HITPOINT WARNING * * *
You hit the orc warrior.
The orc warrior looks as sick as possible!
The orc warrior is lightly wounded.
The orc priest barely misses you.
The orc warrior hits you but does no damage.
You hit the orc priest.
The orc priest is poisoned.
The orc priest is moderately wounded.
The orc warrior hits you with a +0 halberd.
* * * LOW HITPOINT WARNING * * *
The orc priest hits you with a +0 flail!
* * * LOW HITPOINT WARNING * * *
You barely miss the orc priest.
The orc priest is moderately wounded.
The orc warrior hits you but does no damage.
The orc priest barely misses you.
You barely miss the orc priest.
The orc priest is heavily wounded.
The orc warrior hits you with a +0 halberd!
* * * LOW HITPOINT WARNING * * *
The orc priest calls down the wrath of Beogh upon you.
Beogh smites you!
You die...

".. .. ## .>. #. .#
....# #.#. .###
............##..##...##
.............#........#
................oo...#
...............#@).#
..........#....)..##
..........#.#.....#
.)........####.####
..))......#...†...#
.....)....#..†....#
.....)....#.......#
...........†.._......
..........#.††...†#..


You could see an orc warrior (very poisoned) and an orc priest (very poisoned).

Vanquished Creatures
  A two-headed ogre (D:6)
  The ghost of brinewave the Chopper, a novice MiFi of Xom (D:6)
  3 yaks
  A wyvern (D:9)
  3 water moccasins
  An orc warrior (D:8)
  2 sky beasts (D:6)
  2 ice beasts (D:5)
  A black bear (D:8)
  3 ogres
  2 scorpions (D:5)
  3 bullfrogs
  5 howler monkeys
  A bombardier beetle (D:7)
  4 hounds
  2 orc priests
  2 jellies
  A sleepcap (D:8)
  Ijyb (D:3)
  A gnoll bouda (D:7)
  An iguana (D:6)
  An orc wizard (D:8)
  5 gnolls (D:7)
  16 adders
  A river rat (D:4)
  2 shadow imps
  A white imp (D:7)
  4 ufetubi (D:5)
  2 ribbon worms
  10 dart slugs
  23 orcs
  5 bats
  7 endoplasms
  8 giant cockroaches
  5 goblins
  3 hobgoblins
  3 quokkas
  10 ball pythons
  8 frilled lizards
  4 kobolds
  6 rats
165 creatures vanquished.

Notes
Turn   | Place    | Note
-------+----------+-------------------------------------------
     0 | D:1      | jagoly the Gargoyle Monk began the quest for the Orb.
     0 | D:1      | Reached XP level 1. HP: 14/14 MP: 1/1
   140 | D:1      | Reached XP level 2. HP: 19/19 MP: 2/2
   213 | D:2      | Reached skill level 1 in Armour
   220 | D:2      | Reached XP level 3. HP: 17/23 MP: 3/3
   528 | D:2      | Reached XP level 4. HP: 29/29 MP: 4/4
   717 | D:3      | Noticed Ijyb
   727 | D:3      | Killed Ijyb
   728 | D:3      | Reached skill level 4 in Fighting
   841 | D:4      | Found a sacrificial altar of Ru.
   862 | D:4      | Reached XP level 5. HP: 31/33 MP: 5/5
   893 | D:4      | Found a blossoming altar of Fedhas.
   950 | D:4      | Found a glowing drain.
   953 | Sewer    | Entered a sewer
  1093 | Sewer    | Reached XP level 6. HP: 36/39 MP: 6/6
  1187 | Sewer    | Reached skill level 5 in Fighting
  1274 | D:4      | Reached XP level 7. HP: 44/44 MP: 7/7
  1318 | D:4      | Reached skill level 1 in Throwing
  1340 | D:3      | Found a faded altar of an unknown god.
  1395 | D:5      | Entered Level 5 of the Dungeon
  1403 | D:5      | Reached skill level 1 in Evocations
  1586 | D:5      | Reached skill level 6 in Fighting
  1586 | D:5      | Reached XP level 8. HP: 51/51 MP: 8/8
  1630 | D:5      | Found an iron altar of Okawaru.
  1691 | D:6      | Reached skill level 5 in Axes
  1691 | D:6      | Reached skill level 5 in Armour
  1876 | D:5      | Found a radiant altar of Vehumet.
  1894 | D:5      | Reached skill level 7 in Fighting
  2162 | D:7      | Noticed a yak
  2171 | D:7      | Noticed a yak
  2172 | D:7      | Noticed a yak
  2176 | D:6      | Reached XP level 9. HP: 48/57 MP: 9/9
  2257 | D:6      | Found a glowing golden altar of the Shining One.
  2257 | D:6      | Noticed a two-headed ogre
  2286 | D:6      | Killed a two-headed ogre
  2287 | D:6      | Reached skill level 8 in Fighting
  2299 | D:6      | Became a worshipper of the Shining One
  2299 | D:6      | Reached * piety under the Shining One
  2299 | D:6      | Reached ** piety under the Shining One
  2333 | D:6      | Found a large runed translucent door.
  2334 | D:6      | Found a large runed translucent door.
  2337 | D:6      | Noticed brinewave's ghost (novice MiFi)
  2359 | D:6      | Killed brinewave's ghost
  2663 | D:7      | Reached skill level 9 in Fighting
  2663 | D:7      | Reached XP level 10. HP: 65/66 MP: 10/10
  2718 | D:8      | Found Iheq's Antique Armour Boutique.
  2948 | D:8      | Found a hide-covered altar of Uskayaw.
  2969 | D:8      | Killed from afar by an orc priest

Illustrated notes

Levels and vault maps discovered:
D:1:      kilobyte_arrival_exit_the_forest, layout_loops_ring
D:2:      layout_basic, serial_shops, nicolae_square_shop
D:3:      layout_rooms, grunt_temple_overflow_diamond,
          shapermc_ecumenical_altar_gd, chequers_arboretum, uniq_ijyb
D:4:      layout_loops_ring, mainiacjoe_overflow_catch_the_wave,
          mainiacjoe_sewer_entry_somewhere_in_here_1, serial_rivers,
          chequers_serial_rivers_micro_e, chequers_serial_rivers_micro_e,
          chequers_serial_rivers_small_3, chequers_serial_rivers_large_a,
          chequers_serial_rivers_room_b, chequers_serial_rivers_large_b
D:5:      layout_cave_pools, nicolae_vehumet_altar_sigil, kennysheep_mini,
          st_stairs_11
D:6:      layout_loops_ring, overflow_temple_1_default,
          ebering_ghost_disaster_area
D:7:      layout_loops_cross, minmay_temple_entry_crystal_x
D:8:      layout_cave_pools, nicolae_uskayaw_murder_on_the_dancefloor,
          serial_shops, shop, nrook_uturn
D:9:      layout_loops_ring, serial_shops, nicolae_shop_behind_doors

Skill      XL: |  1  2  3  4  5  6  7  8  9 10 |
---------------+-------------------------------+-----
Axes           | 3 4 6 7 8 |  8.5
Armour         | 1 2 3 4 6 8 |  8.0
Fighting       | 4 5 6 7 9 |  9.3
Throwing       | 2 |  2.0
Evocations     | 2 |  2.0
Dodging        | |  2.4
Stealth        | |  0.3

Action                     |  1- 3 |  4- 6 |  7- 9 | 10-12 || total
---------------------------+-------+-------+-------+-------++-------
  Melee: Hand axe          |    96 |    29 |       |       ||   125
         Dagger            |       |   138 |   192 |    55 ||   385
         War axe           |       |     3 |   103 |    19 ||   125
   Fire: Sling             |       |       |     1 |       ||     1
  Throw: Dart              |       |     7 |    11 |       ||    18
         Stone             |       |       |     4 |     5 ||     9
  Evoke: Wand              |       |       |     2 |       ||     2
 Armour: Plate armour      |   110 |   162 |   316 |    85 ||   673
         Robe              |     1 |       |       |       ||     1
  Dodge: Dodged            |    26 |    45 |   113 |    40 ||   224
